 Dungeon Crawl Stone Soup version 0.27-a0-29-g2d0a2396b0 (webtiles) character file.

Game seed: 6018471047012786547

43 pkoi the Ruffian (level 3, -8/31 HPs)
             Began as a Draconian Monk on Jan 4, 2021.
             Shot with an arrow by a centaur (13 damage)
             ... on level 2 of the Dungeon.
             The game lasted 00:00:57 (990 turns).

pkoi the Ruffian (Draconian Monk)                    Turns: 990, Time: 00:00:58

Health: -8/31      AC:  5    Str: 14    XL:     3   Next: 37%
Magic:  3/3        EV: 13    Int: 10    God:
Gold:   68         SH:  0    Dex: 13    Spells: 2/2 levels left

rFire    . . .     SeeInvis .     - Unarmed
rCold    . . .     Faith    .   (no shield)
rNeg     . . .     Spirit   .   (armour unavailable)
rPois    .         Reflect  .   (helmet restricted)
rElec    .         Harm     .   (no cloak)
rCorr    .         Rampage  .   (no gloves)
Will     .....                  (no boots)
Stlth    ++........             (no amulet)
HPRegen  0.10/turn              b - ring of wizardry
MPRegen  0.08/turn              (no ring)

@: lethally poisoned (-8 -> -18)
A: unfitting armour, cold-blooded, AC +5
a: no special abilities


You were on level 2 of the Dungeon.
You visited 1 branch of the dungeon, and saw 2 of its levels.

You collected 68 gold pieces.

Inventory:

Jewellery
 b - a ring of wizardry (left hand)
Scrolls
 a - 4 scrolls of identify {unknown}
 e - 2 scrolls of remove curse
 f - a scroll of blinking
Potions
 c - a potion of lignification {unknown}
 d - 2 potions of attraction {unknown}
 g - 2 potions of brilliance {unknown}


   Skills:
 - Level 3.2 Fighting
 - Level 2.6 Dodging
 - Level 1.7 Stealth
 + Level 4.5 Unarmed Combat


You had 2 spell levels left.
You didn't know any spells.
Your spell library was empty.

Dungeon Overview and Level Annotations

Branches:
Dungeon (2/15)

Altars:


Innate Abilities, Weirdness & Mutations

Your plain brown scales are hard. (AC +5)
You cannot fit into any form of body armour.
You are cold-blooded and may be slowed by cold attacks.


Message History

You are poisoned.
The adder poisons you! The kobold barely misses you.
The centaur unwields a +0 shortbow.
The centaur barely misses you.
You closely miss the centaur.
You feel sick. The adder bites you but does no damage.
The centaur barely misses you. The kobold closely misses you.
You hit the centaur.
You tail-slap the centaur, but do no damage.
The centaur is lightly wounded.
The adder bites you but does no damage. The centaur hits you.
The adder bites you.
You are more poisoned.
The adder poisons you!
Unknown command.
You feel sick.
You feel sick.
The centaur wields a +0 shortbow.
The centaur shoots an arrow.
The arrow hits you!
* * * LOW HITPOINT WARNING * * *
The centaur shoots an arrow.
The arrow hits you!
You die...

#.........###...##.#.......#
#...........###.......####.#
...#.........##.#.#..##
#..######..#...#)..#
##.##.......##..#...###.#
#..#..((.....#.##.......#
#..# #?†cS.#..........# #..#
#$K#..#.###..#.### #..#
.....#@.#..........
##.##....##.##.####.#.###
#[.######..#.....#.#.#
##........##..##.#.#.#
###....###..........
######......#.##.#
.............##.#
................#
#...........####.


You could see a centaur and an adder.

Vanquished Creatures
  An adder (D:2)
  An ooze (D:1)
  A dart slug (D:1)
  A leopard gecko (D:2)
  3 bats
  4 giant cockroaches (D:1)
  3 goblins
  3 hobgoblins
  A jackal (D:2)
  2 frilled lizards (D:1)
  3 kobolds (D:1)
  3 rats (D:1)
26 creatures vanquished.

Notes
Turn   | Place    | Note
-------+----------+-------------------------------------------
     0 | D:1      | pkoi the Draconian Monk began the quest for the Orb.
     0 | D:1      | Reached XP level 1. HP: 19/19 MP: 1/1
   127 | D:1      | Reached XP level 2. HP: 26/26 MP: 2/2
   426 | D:1      | Reached skill level 4 in Unarmed Combat
   904 | D:2      | Reached XP level 3. HP: 31/31 MP: 3/3
   982 | D:2      | Noticed a centaur
   990 | D:2      | Shot with an arrow by a centaur

Illustrated notes

Levels and vault maps discovered:
D:1:      dpeg_arrival_prison, layout_basic, ebering_dispersal_statue_hall,
          palyth_stone_intersect
D:2:      layout_basic, tso_altar, okawaru_trees_2,
          chequers_serial_rivers_large_b, grunt_ministairs_13,
          minmay_randomly_rotated_circles

Skill      XL: |  1  2 |
---------------+-------+-----
Unarmed Combat | 4 |  4.5
Fighting       | |  3.2
Dodging        | |  2.6
Stealth        | |  1.7

Action                   || total
-------------------------++-------
Melee: Unarmed           ||    95
       Tailslap          ||    12
       Punch             ||     1
  Use: Scroll            ||     3
 Stab: Sleeping          ||     2
Armor: Skin              ||    39
Dodge: Dodged            ||    56

Table legend: (Time is in decaauts)
 A = Elapsed time spent in this place.
 B = Non-inter-level travel time spent in this place.
 C = Inter-level travel time spent in this place.
 D = Time resting spent in this place.
 E = Time spent auto-exploring this place.
 F = Levels seen in this place.
 G = Mean time per level.
                   A        B        C        D        E       F      G
               +--------+--------+--------+--------+--------+-----+--------+
         Total |    982 |    942 |     40 |      0 |    746 |   2 |  491.0 |
       Dungeon |    982 |    942 |     40 |      0 |    746 |   2 |  491.0 |
               +--------+--------+--------+--------+--------+-----+--------+

Top non-repeatable levels by time:
     D:1: 883 daAuts
     D:2: 98 daAuts
